 Dungeon Crawl Stone Soup version 0.22.1-1-ga44c0e56f4 (webtiles) character file.

214 Divine the Chopper (level 5, -3/47 HPs)
             Began as a Hill Orc Fighter on Oct 21, 2018.
             Slain by an orc
             ... wielding a +2 hand axe of freezing
              (9 damage)
             ... on level 3 of the Dungeon.
             The game lasted 00:04:38 (2065 turns).

Divine the Chopper (Hill Orc Fighter)               Turns: 2065, Time: 00:04:39

Health: -3/47      AC:  0    Str: 24    XL:     5   Next: 91%
Magic:  5/5        EV: 13    Int:  8    God:
Gold:   112        SH:  0    Dex: 11    Spells: 4/4 levels left

rFire    . . .     SeeInvis .   (weapon currently unavailable)
rCold    . . .     Gourm    .   (shield currently unavailable)
rNeg     . . .     Faith    .   (armour currently unavailable)
rPois    .         Spirit   .   (helmet currently unavailable)
rElec    .         Reflect  .   (cloak currently unavailable)
rCorr    .         Harm     .   (gloves currently unavailable)
MR       .....                  (boots currently unavailable)
Stlth    +.........             (no amulet)
HPRegen  0.15/turn              (ring currently unavailable)
MPRegen  0.09/turn              (ring currently unavailable)

@: mighty, pig-form, drained, very quick
A: small
a: no special abilities


You were on level 3 of the Dungeon.
You were hungry.
You were a filthy swine.
You visited 1 branch of the dungeon, and saw 3 of its levels.

You collected 112 gold pieces.

Inventory:

Hand Weapons
 a - a +0 war axe (melded)
Armour
 b - a +0 scale mail (melded)
 c - a +0 shield (melded)
 s - a +0 helmet (melded)
Jewellery
 k - a ring of poison resistance (melded)
 n - a ring of see invisible (melded)
Wands
 p - a wand of scattershot (5)
Scrolls
 e - a scroll of blinking
 g - a scroll of remove curse {unknown}
 j - a scroll of teleportation
 r - a scroll of amnesia {unknown}
Potions
 h - a potion of haste {unknown}
 i - 3 potions of agility
 m - a potion of mutation {unknown}
 o - 2 potions of ambrosia
 q - a potion of brilliance {unknown}
Comestibles
 f - 5 rations


   Skills:
 + Level 4.5(3.8) Fighting
 + Level 4.7(4.0) Axes
 + Level 4.5(3.8) Armour
 + Level 0.7(0.0) Dodging
 + Level 4.4(3.7) Shields


You had 4 spell levels left.
You didn't know any spells.
Your spell library was empty.

Dungeon Overview and Level Annotations

Branches:
Dungeon (3/15)

Altars:
Ashenzari
Elyvilon

Annotations:
D:3 Terence


Message History

You slash Terence! You hit the orc. Terence hits you but does no damage.
You block the gnoll's attack. You block the orc's attack. x2
The orc wizard hits you but does no damage.
You feel drained. The gnoll hits you but does no damage.
Terence zaps a wand.
You turn into a filthy swine.
Your +0 war axe melds into your body.
Your +0 helmet melds into your body.
Your +0 shield melds into your body.
Your +0 scale mail melds into your body.
Your ring of poison resistance melds into your body.
Your ring of see invisible melds into your body.
You bite the orc wizard!
The orc wizard is severely wounded.
The orc hits you with a hand axe of freezing.
The orc freezes you.
The orc hits you from afar with a trident!
* * * LOW HITPOINT WARNING * * *
The orc wizard gestures wildly while chanting.
The orc wizard blinks!
Terence completely misses you.
The orc hits you with a hand axe of freezing!
You die...

......#..
......#.#
#.#.....#
########......(.
.....#..........
......o.....>...
.......o))......
......gh()....).
..>....@.....o..
................
.......#........
......###....>..
...... ###..##
)..... .##
...... #


You could see Terence, an orc wizard, a gnoll and 2 orcs.

Vanquished Creatures
  Jessica (D:2)
  3 gnolls (D:2)
  8 adders
  3 oozes
  A worm (D:2)
  5 dart slugs
  A leopard gecko (D:1)
  4 orcs (D:3)
  2 giant cockroaches
  5 hobgoblins
  5 kobolds
  8 bats
  2 frilled lizards
  7 goblins
  A quokka skeleton (D:2)
  8 rats
64 creatures vanquished.

Notes
Turn   | Place    | Note
-------+----------+-------------------------------------------
     0 | D:1      | Divine the Hill Orc Fighter began the quest for the Orb.
     0 | D:1      | Reached XP level 1. HP: 19/19 MP: 1/1
   312 | D:1      | Reached XP level 2. HP: 27/27 MP: 2/2
   394 | D:1      | Reached XP level 3. HP: 21/33 MP: 3/3
   659 | D:1      | Found a shattered altar of Ashenzari.
  1095 | D:2      | Reached XP level 4. HP: 39/40 MP: 4/4
  1168 | D:2      | Found a white marble altar of Elyvilon.
  1248 | D:2      | Noticed Jessica
  1258 | D:2      | Killed Jessica
  1258 | D:2      | Reached XP level 5. HP: 25/46 MP: 5/5
  2056 | D:3      | Noticed Terence
  2065 | D:3      | Slain by an orc

Skill      XL: |  1  2  3  4  5 |
---------------+----------------+-----
Fighting       | 4 |  4.5
Axes           | 3 4 |  4.7
Shields        | 4 |  4.4
Armour         | 4 |  4.5
Dodging        | |  0.7

Action                   |  1- 3 |  4- 6 || total
-------------------------+-------+-------++-------
Melee: War axe           |    80 |   100 ||   180
       Unarmed           |       |     1 ||     1
  Use: Scroll            |       |     4 ||     4
       Potion            |       |     1 ||     1
  Eat: Ration            |     1 |       ||     1
Armor: Scale mail        |    34 |    39 ||    73
Dodge: Dodged            |    39 |    36 ||    75
Block: Shield            |    42 |    55 ||    97
